AoeStats
← kable.xpress

Arabia

507378735Analyzed
1v1 RM · 15d ago on Sep 18, 2026· 39m 23s· 2 players
Game mode
Random Map
Map size
Tiny (2 player)
Population
200
Speed
Normal
Resources
Standard
Victory
Conquest
Starting age
Dark Age
Ending age
Imperial Age
RankedLock teamsTeams togetherTeam positionsShared explorationLock speedFull tech treeHidden civsTurbo modeCheats
Victory
Defeat
🇨🇴 Turks · Colombia
2276
+12
🇦🇷 Khmer · Argentina
2181
-12
kable.xpress
6:08 Loom
8:24 Feudal Age
8:56 Double-Bit Axe
11:54 Horse Collar
19:37 Castle Age
19:18 Forging
19:38 Light Cavalry
20:28 Bloodlines
20:10 Fletching
21:15 Bow Saw
28:12 Town Watch
30:12 Wheelbarrow
34:42 Imperial Age
32:30 Gold Mining
33:34 Husbandry
33:56 Bodkin Arrow
34:08 Scale Barding Armor
34:05 Husbandry
34:47 Hussar
37:24 Chain Barding Armor
38:56 Plate Barding Armor
nW | Manuel
6:18 Loom
8:49 Feudal Age
10:06 Double-Bit Axe
15:30 Town Watch
18:48 Castle Age
17:53 Gold Mining
18:05 Fletching
19:29 Bodkin Arrow
20:06 Bow Saw
20:46 Husbandry
22:27 Bloodlines
23:05 Padded Archer Armor
26:51 Gold Shaft Mining
26:29 Horse Collar
29:05 Ballistics
30:53 Wheelbarrow
32:00 Hand Cart
32:12 Stone Mining
36:50 Imperial Age
36:10 Scale Barding Armor
36:16 Forging
36:30 Town Patrol
37:48 Chain Barding Armor
39:14 Masonry
39:57 Plate Barding Armor
39:54 Bracer
Connection lost

Rejoining the realm…

Still unreachable

The connection could not be restored.

Session expired

The server has moved on; the page needs a fresh start.